TOP OF THE 1ST |
---|
Fort Collins Commoners batting - Pitching for Watertown Headhunters : LHP Arnie Green | Pitching: LHP Arnie Green | | Batting: RHB António Rodríguez | 0-0: Ball 1-0: Ball 2-0: Called Strike 2-1: Foul Ball, location: 2F 2-2: Fly out, F9 (Flyball, 9) | Batting: RHB António Díaz | 0-0: Ball 1-0: Ball 2-0: Ball 3-0: Base on Balls | Batting: LHB Paul Lee | 0-0: Fielders Choice at 2nd, 4-6 (Groundball, 4) | Batting: RHB David Brady | 0-0: Ground out 4-3 (Groundball, 4) | Top of the 1st over - 0 runs, 0 hits, 0 errors, 1 left on base; Fort Collins 0 - Watertown 0 | BOTTOM OF THE 1ST |
---|
Watertown Headhunters batting - Pitching for Fort Collins Commoners : RHP Dani Granadas | Pitching: RHP Dani Granadas | | Batting: RHB Gustavo Martínez | 0-0: Ball 1-0: Fly out, F8 (Flyball, 8LD) | Batting: LHB Mark Watson | 0-0: Fly out, F8 (Flyball, 8RM) | Batting: LHB William Donnelly | 0-0: Called Strike 0-1: Fly out, F9 (Flyball, 9LS) | Bottom of the 1st over - 0 runs, 0 hits, 0 errors, 0 left on base; Fort Collins 0 - Watertown 0 | TOP OF THE 2ND |
---|
Fort Collins Commoners batting - Pitching for Watertown Headhunters : LHP Arnie Green | Batting: LHB Caleb Ruíz | 0-0: Called Strike 0-1: Ball 1-1: Swinging Strike 1-2: Foul Ball, location: 2F 1-2: Ball 2-2: Foul Ball, location: 2F 2-2: Strikes out swinging | Batting: LHB Matt Taylor | 0-0: Ball 1-0: SINGLE (Groundball, 4MD) | Batting: RHB Ismael Rodríguez | 0-0: Ball Pickoff Throw to First - Out! 1-0: Fly out, F3 (Popup, 3SF) | Top of the 2nd over - 0 runs, 1 hit, 0 errors, 0 left on base; Fort Collins 0 - Watertown 0 | BOTTOM OF THE 2ND |
---|
Watertown Headhunters batting - Pitching for Fort Collins Commoners : RHP Dani Granadas | Batting: LHB Ángel Figueiedo | 0-0: Swinging Strike 0-1: Foul Ball, location: 2F 0-2: Strikes out swinging | Batting: RHB Héctor Villarreal | 0-0: Called Strike 0-1: Ground out 3-1 (Groundball, 34) | Batting: RHB António Trevino | 0-0: Ground out 5-3 (Groundball, 56) | Bottom of the 2nd over - 0 runs, 0 hits, 0 errors, 0 left on base; Fort Collins 0 - Watertown 0 | TOP OF THE 3RD |
---|
Fort Collins Commoners batting - Pitching for Watertown Headhunters : LHP Arnie Green | Batting: RHB Shawn López | 0-0: SINGLE (Groundball, 6MD) | Batting: RHB Alberto Cabrera | 0-0: Ball 1-0: Called Strike 1-1: Ball 2-1: Ball 3-1: Fielders Choice at 2nd, 4-6 (Groundball, 34) | Batting: RHB António Rodríguez | 0-0: Ball 1-0: Ball 2-0: Ball 3-0: Called Strike 3-1: Base on Balls Alberto Cabrera to second | Batting: RHB António Díaz | 0-0: Called Strike 0-1: Foul Ball, location: 2F 0-2: Ball 1-2: Strikes out swinging | Batting: LHB Paul Lee | 0-0: Ball 1-0: SINGLE (Line Drive, 34) Alberto Cabrera to third António Rodríguez to second Runner from 3rd tries for Home, SAFE, no throw | Batting: RHB David Brady | 0-0: Ball 1-0: Fly out, F9 (Line Drive, 9) | Top of the 3rd over - 1 run, 2 hits, 0 errors, 2 left on base; Fort Collins 1 - Watertown 0 | BOTTOM OF THE 3RD |
---|
Watertown Headhunters batting - Pitching for Fort Collins Commoners : RHP Dani Granadas | Batting: RHB Juan Camacho | 0-0: Foul Ball, location: 2F 0-1: Ball 1-1: Swinging Strike 1-2: Foul Ball, location: 2F 1-2: Ball 2-2: Ball 3-2: Strikes out swinging | Batting: RHB Pedro López | 0-0: Ball 1-0: SINGLE (Flyball, 89S) | Batting: RHB Kululu Kijana | 0-0: Ball Pedro López is caught stealing 2nd base 1-0: Foul Ball, location: 2F 1-1: Fly out, F3 (Line Drive, 3S) | Bottom of the 3rd over - 0 runs, 1 hit, 0 errors, 0 left on base; Fort Collins 1 - Watertown 0 | TOP OF THE 4TH |
---|
Fort Collins Commoners batting - Pitching for Watertown Headhunters : LHP Arnie Green | Batting: LHB Caleb Ruíz | 0-0: Ball 1-0: Ball 2-0: Ball 3-0: Called Strike 3-1: Base on Balls | Batting: LHB Matt Taylor | 0-0: Swinging Strike 0-1: Fly out, F9 (Flyball, 9LM) | Batting: RHB Ismael Rodríguez | 0-0: Called Strike 0-1: Fly out, F9 (Flyball, 89M) | Batting: RHB Shawn López | 0-0: Ball 1-0: Ball 2-0: Called Strike 2-1: Ball 3-1: Base on Balls Caleb Ruíz to second | Batting: RHB Alberto Cabrera | 0-0: Ground out 4-3 (Groundball, 4) | Top of the 4th over - 0 runs, 0 hits, 0 errors, 2 left on base; Fort Collins 1 - Watertown 0 | BOTTOM OF THE 4TH |
---|
Watertown Headhunters batting - Pitching for Fort Collins Commoners : RHP Dani Granadas | Batting: RHB Gustavo Martínez | 0-0: Called Strike 0-1: Ball 1-1: Fly out, F9 (Flyball, 89D) | Batting: LHB Mark Watson | 0-0: Foul Ball, location: 2F 0-1: Called Strike 0-2: Ball 1-2: Strikes out swinging | Batting: LHB William Donnelly | 0-0: Ball 1-0: Foul Ball, location: 2F 1-1: Called Strike 1-2: Foul Ball, location: 2F 1-2: Ball 2-2: Foul Ball, location: 2F 2-2: Strikes out swinging | Bottom of the 4th over - 0 runs, 0 hits, 0 errors, 0 left on base; Fort Collins 1 - Watertown 0 | TOP OF THE 5TH |
---|
Fort Collins Commoners batting - Pitching for Watertown Headhunters : LHP Arnie Green | Batting: RHB António Rodríguez | 0-0: Ball 1-0: Called Strike 1-1: SINGLE (Line Drive, 56) | Batting: RHB António Díaz | 0-0: Ball 1-0: Fly out, F9 (Flyball, 9D) | Batting: LHB Paul Lee | 0-0: Ball 1-0: Ball 2-0: Called Strike 2-1: Swinging Strike 2-2: Ball 3-2: Strikes out swinging | Pitching: LHP José Agámez | | Batting: RHB David Brady | 0-0: Called Strike 0-1: Ball 1-1: Foul Ball, location: 2F 1-2: TRIPLE (Flyball, 78XD) António Rodríguez scores | Batting: LHB Caleb Ruíz | 0-0: Fly out, F6 (Line Drive, 6M) | Top of the 5th over - 1 run, 2 hits, 0 errors, 1 left on base; Fort Collins 2 - Watertown 0 | BOTTOM OF THE 5TH |
---|
Watertown Headhunters batting - Pitching for Fort Collins Commoners : RHP Dani Granadas | Batting: LHB Ángel Figueiedo | 0-0: Ball 1-0: Ball 2-0: Called Strike 2-1: SINGLE (Line Drive, 8LS) | Batting: RHB Héctor Villarreal | 0-0: Ball 1-0: Grounds into double play, 5-4-3 (Groundball, 56) | Batting: RHB António Trevino | 0-0: Ball 1-0: Ball 2-0: Ground out 1-3 (Groundball, 13) | Bottom of the 5th over - 0 runs, 1 hit, 0 errors, 0 left on base; Fort Collins 2 - Watertown 0 | TOP OF THE 6TH |
---|
Fort Collins Commoners batting - Pitching for Watertown Headhunters : LHP José Agámez | Batting: LHB Matt Taylor | 0-0: Foul Ball, location: 2F 0-1: Ground out 6-3 (Groundball, 6) | Batting: RHB Ismael Rodríguez | 0-0: Foul Ball, location: 2F 0-1: Ball 1-1: Foul Ball, location: 2F 1-2: Foul Ball, location: 2F 1-2: Ball 2-2: Ball 3-2: Foul Ball, location: 2F 3-2: Base on Balls | Batting: RHB Shawn López | 0-0: Called Strike 0-1: Ball 1-1: Swinging Strike 1-2: Strikes out swinging | Batting: RHB Alberto Cabrera | 0-0: Ball 1-0: Ball 2-0: Called Strike 2-1: Ground out 5-3 (Groundball, 56S) | Top of the 6th over - 0 runs, 0 hits, 0 errors, 1 left on base; Fort Collins 2 - Watertown 0 | BOTTOM OF THE 6TH |
---|
Watertown Headhunters batting - Pitching for Fort Collins Commoners : RHP Dani Granadas | Batting: RHB Juan Camacho | 0-0: Ball 1-0: Ball 2-0: Ground out U3 (Groundball, 3) | Batting: RHB Pedro López | 0-0: Ball 1-0: Ball 2-0: Called Strike 2-1: Bunted foul 2-2: Foul Ball, location: 2F 2-2: Ball 3-2: SINGLE (Groundball, 34S) (infield hit) | Batting: RHB Kululu Kijana | 0-0: Called Strike 0-1: Ball 1-1: Ball 2-1: Called Strike 2-2: Ball 3-2: Ground out 6-3 (Groundball, 6) Pedro López to second | Batting: RHB Gustavo Martínez | 0-0: Foul Ball, location: 2F 0-1: Ball 1-1: Foul Ball, location: 2F 1-2: Strikes out looking | Bottom of the 6th over - 0 runs, 1 hit, 0 errors, 1 left on base; Fort Collins 2 - Watertown 0 | TOP OF THE 7TH |
---|
Fort Collins Commoners batting - Pitching for Watertown Headhunters : LHP José Agámez | Pitching: RHP Manuel Trevino | | Batting: RHB António Rodríguez | 0-0: Called Strike 0-1: Called Strike 0-2: Foul Ball, location: 2F 0-2: Ground out 6-3 (Groundball, 6M) | Batting: RHB António Díaz | 0-0: Foul Ball, location: 2F 0-1: Ball 1-1: Fly out, F9 (Line Drive, 9) | Pitching: LHP Roy Gómez | | Batting: LHB Paul Lee | 0-0: Called Strike 0-1: Ball 1-1: Foul Ball, location: 2F 1-2: Ball 2-2: Ball 3-2: SOLO HOME RUN (Flyball, 9LD), Distance : 363 ft | Batting: RHB David Brady | 0-0: Foul Ball, location: 2F 0-1: Ball 1-1: Foul Ball, location: 2F 1-2: Ground out 4-3 (Groundball, 4) | Top of the 7th over - 1 run, 1 hit, 0 errors, 0 left on base; Fort Collins 3 - Watertown 0 | BOTTOM OF THE 7TH |
---|
Watertown Headhunters batting - Pitching for Fort Collins Commoners : RHP Dani Granadas | Batting: LHB Mark Watson | 0-0: Called Strike 0-1: Called Strike 0-2: Ball 1-2: Ball 2-2: Ground out 4-3 (Groundball, 34) | Batting: LHB William Donnelly | 0-0: Called Strike 0-1: Ball 1-1: Ball 2-1: Ball 3-1: Foul Ball, location: 2F 3-2: DOUBLE (Line Drive, 7LD) | Batting: LHB Ángel Figueiedo | 0-0: Ball Wild Pitch! William Donnelly to third 1-0: Ball 2-0: SINGLE (Groundball, 4M) (infield hit) William Donnelly scores | Batting: RHB Héctor Villarreal | 0-0: Called Strike Ángel Figueiedo steals 2nd base 0-1: Ball 1-1: Swinging Strike 1-2: DOUBLE (Line Drive, 78XD) Ángel Figueiedo scores | Pitching: RHP Vicente Castro | | Batting: RHB António Trevino | 0-0: Ball 1-0: Ball 2-0: Ball 3-0: Base on Balls | Pinch Hitting: LHB Leonardo Torres | 0-0: Foul Ball, location: 2F 0-1: Ball 1-1: Ground out 4-3 (Groundball, 34D) Héctor Villarreal to third António Trevino to second | Pinch Hitting: RHB Steve Welch | 0-0: Ball 1-0: Ground out U3 (Groundball, 3L) | Bottom of the 7th over - 2 runs, 3 hits, 0 errors, 2 left on base; Fort Collins 3 - Watertown 2 | TOP OF THE 8TH |
---|
Fort Collins Commoners batting - Pitching for Watertown Headhunters : LHP Roy Gómez | Now at 2B: Paco Canó | | Now in LF: Steve Welch | | Batting: LHB Caleb Ruíz | 0-0: Called Strike 0-1: Ball 1-1: Ball 2-1: Fly out, F3 (Flyball, 3D) | Batting: LHB Matt Taylor | 0-0: Ball 1-0: Called Strike 1-1: Ground out U3 (Groundball, 3L) | Batting: RHB Ismael Rodríguez | 0-0: Ball 1-0: Called Strike 1-1: Ground out 4-3 (Groundball, 34) | Top of the 8th over - 0 runs, 0 hits, 0 errors, 0 left on base; Fort Collins 3 - Watertown 2 | BOTTOM OF THE 8TH |
---|
Watertown Headhunters batting - Pitching for Fort Collins Commoners : RHP Vicente Castro | Now at SS: Sherman Cummings | | Batting: RHB Kululu Kijana | 0-0: Ball 1-0: Foul Ball, location: 2F 1-1: Swinging Strike 1-2: Foul Ball, location: 2F 1-2: Strikes out swinging | Batting: RHB Gustavo Martínez | 0-0: Foul Ball, location: 2F 0-1: Ground out 4-3 (Groundball, 4) | Batting: LHB Mark Watson | 0-0: Ball 1-0: Called Strike 1-1: Ball 2-1: Ball 3-1: Base on Balls | Pitching: LHP Elroy Bunch | | Batting: LHB William Donnelly | 0-0: Called Strike 0-1: Ball 1-1: Ball 2-1: Swinging Strike 2-2: Foul Ball, location: 2F 2-2: SINGLE (Flyball, 78S) Mark Watson to second | Batting: LHB Ángel Figueiedo | 0-0: Ground out U3 (Groundball, 3) | Bottom of the 8th over - 0 runs, 1 hit, 0 errors, 2 left on base; Fort Collins 3 - Watertown 2 | TOP OF THE 9TH |
---|
Fort Collins Commoners batting - Pitching for Watertown Headhunters : LHP Roy Gómez | Pitching: RHP Juan García | | Batting: RHB Shawn López | 0-0: Ball 1-0: Foul Ball, location: 2F 1-1: Foul Ball, location: 2F 1-2: Strikes out swinging | Batting: RHB Alberto Cabrera | 0-0: Fly out, F7 (Flyball, 7) | Batting: RHB António Rodríguez | 0-0: Ball 1-0: Foul Ball, location: 2F 1-1: Ball 2-1: Swinging Strike 2-2: Foul Ball, location: 2F 2-2: Ball 3-2: Strikes out swinging | Top of the 9th over - 0 runs, 0 hits, 0 errors, 0 left on base; Fort Collins 3 - Watertown 2 | BOTTOM OF THE 9TH |
---|
Watertown Headhunters batting - Pitching for Fort Collins Commoners : LHP Elroy Bunch | Pitching: RHP Jorge Ruíz | | Now at 2B: Montego Martínez | | Batting: RHB Héctor Villarreal | 0-0: SINGLE (Line Drive, 9) | Batting: RHB António Trevino | 0-0: Ball 1-0: Bunted foul 1-1: Bunted foul 1-2: Grounds into double play, 6-4-3 (Groundball, 56D) | Pinch Hitting: LHB Thad Green | 0-0: Called Strike 0-1: Called Strike 0-2: Ball 1-2: SINGLE (Flyball, 78M) | Pinch Runner at 1st William Mitchell: | | Batting: RHB Steve Welch | 0-0: Called Strike 0-1: Ball 1-1: Swinging Strike 1-2: Strikes out swinging | Bottom of the 9th over - 0 runs, 2 hits, 0 errors, 1 left on base; Fort Collins 3 - Watertown 2 | |